 Dungeon Crawl Stone Soup version bcrawl-1.31.4 (webtiles) character file.

Game seed: 2459875668150090269

132348 Morbidden the Gusty (level 3, 0/21 HPs)
             Began as a Fairy Air Elementalist on May 27, 2021.
             Succumbed to a goblin's poison
             ... on level 1 of the Dungeon.
             The game lasted 00:00:43 (643 turns).

Morbidden the Gusty (Fairy Air Elementalist)         Turns: 643, Time: 00:00:44

Health: 0/21       AC:  4    Str:  6    XL:     3   Next: 16%
Magic:  6/9        EV: 16    Int: 19    God:
Gold:   67         SH:  4    Dex: 12    Spells: 4/8 levels left

rFire    . . .     SeeInvis .   g - +1 dagger (venom)
rCold    . . .     Gourm    .   (shield restricted)
rNeg     . . .     Faith    .   (armour unavailable)
rPois    .         Spirit   .   (no helmet)
rElec    .         Reflect  .   (no cloak)
rCorr    .         Harm     .   (no gloves)
MR       .....                  (no boots)
Stlth    +.........             (no amulet)
HPRegen  0.07/turn              (no ring)
MPRegen  0.11/turn              (no ring)

@: lethally poisoned (0 -> -9), flying evasively, very slightly contaminated
A: small, magic attunement, unstealthy, unfitting armour, able to fly, AC/SH +4
a: Stop Flying


You were on level 1 of the Dungeon.
You were not hungry.

You visited 1 branch of the dungeon, and saw 1 of its levels.

You collected 67 gold pieces.

Inventory:

Hand Weapons
 g - a +1 dagger of venom (weapon)
Scrolls
 c - a scroll of noise {unknown}
 d - a scroll of teleportation {unknown}
 f - a scroll of blinking {unknown}
 i - 3 scrolls of identify
Potions
 b - a potion of flight
Comestibles
 a - 10 chunks of flesh
 e - 4 rations {!d}


   Skills:
 * Level 0.1 Fighting
 * Level 3.0 Dodging
 + Level 1.7 Stealth
 * Level 3.2 Spellcasting
 * Level 1.3 Conjurations
 * Level 4.3 Air Magic


You had 4 spell levels left.
You knew the following spells:

 Your Spells              Type           Power        Failure   Level  Hunger
a - Shock                 Conj/Air       ##...        4%          1    None
b - Static Discharge      Air            ###.....     8%          3    None

Your spell library contained the following spells:

 Spells                   Type           Power        Failure   Level  Hunger
 Swiftness                Chrm/Air       ##......     10%         2    None
 Airstrike                Air            ###.......   26%         4    None
 Lightning Bolt           Conj/Air       ##........   78%         5    None


Dungeon Overview and Level Annotations

Branches:
Dungeon (1/12)

Altars:


Innate Abilities, Weirdness & Mutations

Your spells do not cause hunger and MP costs are reduced by 1.
Your bright wings attract enemies. (Stealth-)
You cannot fit into any form of body armour.
Your shimmering scales are hard and can block incoming attacks. (AC +4, SH +4)
You are small and have problems with some larger weapons.
You can fly continuously.


Message History

There is a lethal amount of poison in your body!
Okay, then.
Okay, then.
You feel sick.
* * * LOW HITPOINT WARNING * * *
You feel sick.
* * * LOW HITPOINT WARNING * * *
You feel sick.
* * * LOW HITPOINT WARNING * * *
You feel sick.
* * * LOW HITPOINT WARNING * * *
You feel sick.
* * * LOW HITPOINT WARNING * * *
You feel sick.
There is a stone staircase leading down here.
You can't go down here!
* * * LOW HITPOINT WARNING * * *
You feel sick.
There is a stone staircase leading down here.
You die...

########.######.#...........# #
................)...........#
########################.####.#
#.. ).............# #.#
########[###### #.# ##..#######
######## #.# #.......>..
####......###.#########..........
...+............@.....+..........
####.............######..........
.........#.......# #..........
####.....#.......# #..........
...'.....#.......# #..........
####.....#......## #..........
...#.....#......# ####..#####
...#.....#......# ######..#####
...#.....#......# #............


There were no monsters in sight!

Vanquished Creatures
  An ooze (D:1)
  2 dart slugs (D:1)
  A leopard gecko (D:1)
  3 goblins (D:1)
  3 hobgoblins (D:1)
  4 kobolds (D:1)
  4 bats (D:1)
  A rat (D:1)
19 creatures vanquished.

Notes
Turn   | Place    | Note
-------+----------+-------------------------------------------
     0 | D:1      | Morbidden the Fairy Air Elementalist began the quest for
                  | the Orb.
     0 | D:1      | Reached XP level 1. HP: 11/11 MP: 6/6
   192 | D:1      | Reached XP level 2. HP: 17/17 MP: 7/7
   198 | D:1      | Reached skill level 4 in Air Magic
   561 | D:1      | Reached XP level 3. HP: 21/21 MP: 9/9
   565 | D:1      | Learned a level 3 spell: Static Discharge
   642 | D:1      | HP: 1/21 [poisoned by a goblin]
   643 | D:1      | Succumbed to a goblin's poison

Skill      XL: |  1  2 |
---------------+-------+-----
Spellcasting   | 3 |  3.2
Air Magic      | 4 |  4.3
Dodging        | 3 |  3.0
Fighting       | |  0.1
Stealth        | |  1.7
Conjurations   | |  1.3

Action                   || total
-------------------------++-------
 Cast: Shock             ||    42
       Static Discharge  ||     1
Armor: Skin              ||     2
Dodge: Dodged            ||     4
Block: Other             ||     2
